 Dungeon Crawl Stone Soup version bcrawl-1.17.3 (webtiles) character file.

Game seed: 6326874038633259298

601 Chiseanne the Chopper (level 7, 0/52 HPs)
             Began as a Mummy Archaeologist on Oct 24, 2019.
             Slain by a killer bee (7 damage)
             ... on level 4 of the Dungeon.
             The game lasted 00:05:37 (3618 turns).

Chiseanne the Chopper (Mummy Archaeologist)         Turns: 3618, Time: 00:05:37

Health: 0/52       AC: 15    Str: 14    XL:     7   Next: 18%
Magic:  2/2        EV:  4    Int: 15    God:
Gold:   322        SH:  0    Dex: 11    Spells: 6/6 levels left

rFire    x . .     SeeInvis .   f - +8 Wrath of Trog {antimagic, *Rage}
rCold    + . .     Gourm    .   (shield currently unavailable)
rNeg     + + +     Faith    .   h - +1 plate armour
rPois    ∞         Spirit   .   c - +1 hat
rElec    +         Reflect  .   (no cloak)
rCorr    .         Harm     .   (no gloves)
MR       .....     Clarity  +   d - +1 pair of boots
Stlth    ..........             (no amulet)
HPRegen  0.17/turn              b - ring of insulation
MPRegen  0.08/turn              (no ring)

@: no status effects
A: no food or potions, fire vulnerability, clarity, cold resistance 1, negative
energy resistance 3, torment resistance, unbreathing
a: no special abilities


You were on level 4 of the Dungeon.
You were not hungry.

You visited 1 branch of the dungeon, and saw 4 of its levels.

You collected 322 gold pieces.

Inventory:

Hand Weapons
 a - a +1 mace
 f - the +8 Wrath of Trog (weapon) {antimagic, *Rage}

   It reduces the magical energy of the wielder, and disrupts the spells and
   magical abilities of those hit.
   Natural abilities and divine invocations are not affected.
   It may make you go berserk in combat.
 j - a +0 hand axe of chopping
 l - a +1 dagger of pain
Missiles
 g - 279 sling bullets
 i - 592 bolts
 m - 407 stones (quivered)
 r - 201 poisoned needles
 s - 60 tomahawks
Armour
 c - a +1 hat (worn)
 d - a +1 pair of boots (worn)
 h - a +1 plate armour (worn)
 p - a +0 buckler
Jewellery
 b - a ring of insulation (left hand)
 o - an uncursed ring of stealth {unknown}
Wands
 n - a wand of random effects (6)
Scrolls
 e - a scroll of identify
 k - 2 scrolls of teleportation


   Skills:
 * Level 3.2 Fighting
 - Level 6.1(6.2) Axes
 - Level 0.7(3.9) Maces & Flails
 * Level 2.0 Armour
 * Level 3.5 Dodging
 - Level 2.6 Stealth


You had 6 spell levels left.
You didn't know any spells.
Your spell library was empty.

Dungeon Overview and Level Annotations

Branches:
Dungeon (4/12)
 Temple: D:4-7

Altars:
Xom


Innate Abilities, Weirdness & Mutations

You do not eat or drink.
Your flesh is vulnerable to fire.
You are immune to poison.
You possess an exceptional clarity of mind.
Your flesh is cold resistant. (rC+)
You are immune to negative energy. (rN+++)
You are immune to unholy pain and torment.
You can survive without breathing.


Message History

You miss the killer bee.
The killer bee stings you but does no damage. x2
The killer bee completely misses you.
You slash the killer bee!
You kill the killer bee!
Your Armour skill increases to level 2!
The killer bee stings you. The killer bee barely misses you.
You closely miss the killer bee. The killer bee stings you. x2
* * * LOW HITPOINT WARNING * * *
The killer bee stings you but does no damage.
You closely miss the killer bee.
The killer bee stings you but does no damage. x3
Your plate armour prevents you from hitting the killer bee.
The killer bee stings you but does no damage. x3
Your plate armour prevents you from hitting the killer bee.
The killer bee stings you.
* * * LOW HITPOINT WARNING * * *
The killer bee stings you but does no damage.
The killer bee stings you!
You die...

#y ..# #.. #( #.# #.. #.
#.##### #.. ######.##
......# #.. ........#
#.###.###.. ........#
#.#........ ........#
#.#.##...##
........#########.#.....<##
......>.'y@................
........#########.......#..
.%......# #######.#.#
........# #.#.# .......(#
#.#.# ........# #.#.#
........# #.#.# #######
#.#.# ..#..


You could see a killer bee.

Vanquished Creatures
  2 scorpions (D:3)
  5 killer bees (D:4)
  2 howler monkeys
  An orc priest (D:4)
  An iguana (D:3)
  An orc wizard (D:4)
  4 adders
  2 adder skeletons (D:4)
  4 worms
  4 dart slugs
  5 leopard geckos
  3 orcs
  2 giant cockroaches (D:1)
  5 goblins
  4 hobgoblins
  9 jackals
  9 kobolds
  A quokka (D:2)
  7 bats
  A frilled lizard (D:2)
  3 rats
75 creatures vanquished.

Notes
Turn   | Place    | Note
-------+----------+-------------------------------------------
     0 | D:1      | Chiseanne the Mummy Archaeologist began the quest for the
                  | Orb.
     0 | D:1      | Reached XP level 1. HP: 15/15 MP: 1/1
   181 | D:1      | Reached XP level 2. HP: 19/21 MP: 2/2
   697 | D:1      | Reached XP level 3. HP: 25/27 MP: 3/3
   983 | D:2      | Reached skill level 1 in Axes
  1062 | D:2      | Reached skill level 2 in Axes
  1089 | D:2      | Reached skill level 3 in Axes
  1089 | D:2      | Reached XP level 4. HP: 32/33 MP: 4/4
  1481 | D:2      | Found a shimmering altar of Xom.
  1825 | D:3      | Reached skill level 4 in Axes
  2073 | D:3      | Reached XP level 5. HP: 22/38 MP: 5/5
  2474 | D:3      | Reached skill level 5 in Axes
  3144 | D:3      | Reached skill level 6 in Axes
  3144 | D:3      | Reached XP level 6. HP: 36/44 MP: 6/6
  3255 | D:4      | Reached skill level 1 in Armour
  3610 | D:4      | Reached XP level 7. HP: 26/51 MP: 2/7
  3618 | D:4      | Slain by a killer bee

Skill      XL: |  1  2  3  4  5  6  7 |
---------------+----------------------+-----
Fighting       | 2 3 |  3.2
Axes           | 3 4 6 |  6.1
Armour         | 1 2 |  2.0
Dodging        | 3 |  3.5
Maces & Flails | |  0.7
Stealth        | |  2.6

Action                   |  1- 3 |  4- 6 |  7- 9 || total
-------------------------+-------+-------+-------++-------
Melee: Whip              |    21 |       |       ||    21
       Mace              |   155 |   244 |       ||   399
       Battleaxe         |       |    38 |     8 ||    46
  Use: Scroll            |     3 |     7 |       ||    10
Armor: Plate armour      |   215 |   294 |    15 ||   524
       Robe              |     7 |       |       ||     7
Dodge: Dodged            |    68 |    67 |     2 ||   137
Block: Buckler           |       |    30 |       ||    30
